| TOP OF THE 1ST |
|---|
| Rochester Red Wings batting - Pitching for Richmond Braves : RHP Ron Schueler | | Pitching: RHP Ron Schueler | | | Batting: LHB Lew Beasley | 0-0: Ball 1-0: Foul Ball, location: 2F 1-1: TRIPLE (Line Drive, 8RXD) | | Batting: LHB Rich Coggins | 0-0: Called Strike 0-1: Ball 1-1: Ground out 4-3 (Groundball, 4S) Lew Beasley scores | | Batting: RHB Enos Cabell | 0-0: Ball 1-0: Foul Ball, location: 2F 1-1: Ground out 1-3 (Groundball, 13S) | | Batting: LHB Mike Reinbach | 0-0: Foul Ball, location: 2F 0-1: Ball 1-1: Ball 2-1: Ball 3-1: Base on Balls | | Batting: RHB Jim Fuller | 0-0: Ball 1-0: Reached on error, E5 (Groundball, 5S) Mike Reinbach to second | | Batting: LHB Gene Locklear | 0-0: Ball 1-0: Swinging Strike 1-1: Swinging Strike 1-2: Ball 2-2: Strikes out looking | | Top of the 1st over - 1 run, 1 hit, 1 error, 2 left on base; Rochester 1 - Richmond 0 | | BOTTOM OF THE 1ST |
|---|
| Richmond Braves batting - Pitching for Rochester Red Wings : RHP Donnell Goodwin | | Pitching: RHP Donnell Goodwin | | | Batting: SHB Rodney Scott | 0-0: Ground out U3 (Groundball, 34) | | Batting: RHB Dave Cripe | 0-0: Ball 1-0: Foul Ball, location: 2F 1-1: Ball 2-1: Foul Ball, location: 2F 2-2: Ball 3-2: Fly out, F9 (Flyball, 89M) | | Batting: LHB Jack Pierce | 0-0: Called Strike 0-1: Ball 1-1: Ball 2-1: Swinging Strike 2-2: Strikes out swinging | | Bottom of the 1st over - 0 runs, 0 hits, 0 errors, 0 left on base; Rochester 1 - Richmond 0 | | TOP OF THE 2ND |
|---|
| Rochester Red Wings batting - Pitching for Richmond Braves : RHP Ron Schueler | | Batting: SHB Mike Hart | 0-0: Ball 1-0: Ball 2-0: Foul Ball, location: 2F 2-1: Ball 3-1: SINGLE (Line Drive, 89M) | | Batting: RHB John Wathan | 0-0: Ball 1-0: Ball 2-0: Grounds into double play, 6-4-3 (Groundball, 56) | | Batting: SHB Daniel Graham | 0-0: Ball 1-0: Called Strike 1-1: Called Strike 1-2: Foul Ball, location: 2F 1-2: Foul Ball, location: 2F 1-2: Ball 2-2: Strikes out swinging | | Top of the 2nd over - 0 runs, 1 hit, 0 errors, 0 left on base; Rochester 1 - Richmond 0 | | BOTTOM OF THE 2ND |
|---|
| Richmond Braves batting - Pitching for Rochester Red Wings : RHP Donnell Goodwin | | Batting: RHB Michael Walseth | 0-0: Ball 1-0: Fly out, F9 (Line Drive, 9) | | Batting: LHB Edgardo Avila | 0-0: Ball 1-0: Called Strike 1-1: Foul Ball, location: 2F 1-2: Ball 2-2: Foul Ball, location: 2F 2-2: Ball 3-2: Foul Ball, location: 2F 3-2: Foul Ball, location: 2F 3-2: Strikes out looking | | Batting: LHB Ernie Pedersen | 0-0: Called Strike 0-1: Swinging Strike 0-2: Ball 1-2: Ball 2-2: Strikes out swinging | | Bottom of the 2nd over - 0 runs, 0 hits, 0 errors, 0 left on base; Rochester 1 - Richmond 0 | | TOP OF THE 3RD |
|---|
| Rochester Red Wings batting - Pitching for Richmond Braves : RHP Ron Schueler | | Batting: LHB Lew Beasley | 0-0: Swinging Strike 0-1: Ground out 6-3 (Groundball, 6) | | Batting: LHB Rich Coggins | 0-0: Called Strike 0-1: Ball 1-1: Ground out U3 (Groundball, 3) | | Batting: RHB Enos Cabell | 0-0: Called Strike 0-1: Ball 1-1: Called Strike 1-2: Ground out 5-3 (Groundball, 56S) | | Top of the 3rd over - 0 runs, 0 hits, 0 errors, 0 left on base; Rochester 1 - Richmond 0 | | BOTTOM OF THE 3RD |
|---|
| Richmond Braves batting - Pitching for Rochester Red Wings : RHP Donnell Goodwin | | Batting: LHB John Fuller | 0-0: Ground out 4-3 (Groundball, 4) | | Batting: RHB William Binder | 0-0: Swinging Strike 0-1: Called Strike 0-2: SINGLE (Groundball, 56D) | | Batting: LHB Mike Lum | 0-0: Foul Ball, location: 2F 0-1: Ball 1-1: Ball 2-1: Grounds into double play, 1-6-3 (Groundball, P) | | Bottom of the 3rd over - 0 runs, 1 hit, 0 errors, 0 left on base; Rochester 1 - Richmond 0 | | TOP OF THE 4TH |
|---|
| Rochester Red Wings batting - Pitching for Richmond Braves : RHP Ron Schueler | | Batting: LHB Mike Reinbach | 0-0: Called Strike 0-1: Ball 1-1: Foul Ball, location: 2F 1-2: Ball 2-2: Strikes out swinging | | Batting: RHB Jim Fuller | 0-0: Called Strike 0-1: Ball 1-1: Foul Ball, location: 2F 1-2: Foul Ball, location: 2F 1-2: Strikes out swinging | | Batting: LHB Gene Locklear | 0-0: Fly out, F9 (Flyball, 9) | | Top of the 4th over - 0 runs, 0 hits, 0 errors, 0 left on base; Rochester 1 - Richmond 0 | | BOTTOM OF THE 4TH |
|---|
| Richmond Braves batting - Pitching for Rochester Red Wings : RHP Donnell Goodwin | | Batting: SHB Rodney Scott | 0-0: Called Strike 0-1: Bunted foul 0-2: Ball 1-2: Ball 2-2: Ground out U3 (Groundball, 3L) | | Batting: RHB Dave Cripe | 0-0: Ball 1-0: Ground out 6-3 (Groundball, 6) | | Batting: LHB Jack Pierce | 0-0: Ball 1-0: Called Strike 1-1: Ground out 3-1 (Groundball, 34) | | Bottom of the 4th over - 0 runs, 0 hits, 0 errors, 0 left on base; Rochester 1 - Richmond 0 | | TOP OF THE 5TH |
|---|
| Rochester Red Wings batting - Pitching for Richmond Braves : RHP Ron Schueler | | Batting: SHB Mike Hart | 0-0: Ground out U3 (Groundball, 34) | | Batting: RHB John Wathan | 0-0: Ball 1-0: Ball 2-0: Fly out, F5 (Line Drive, 5) | | Batting: SHB Daniel Graham | 0-0: Ball 1-0: Called Strike 1-1: Swinging Strike 1-2: Ground out 6-3 (Groundball, 6) | | Top of the 5th over - 0 runs, 0 hits, 0 errors, 0 left on base; Rochester 1 - Richmond 0 | | BOTTOM OF THE 5TH |
|---|
| Richmond Braves batting - Pitching for Rochester Red Wings : RHP Donnell Goodwin | | Batting: RHB Michael Walseth | 0-0: Foul Ball, location: 2F 0-1: Called Strike 0-2: Ground out 6-3 (Groundball, 6) | | Batting: LHB Edgardo Avila | 0-0: Called Strike 0-1: Fly out, F8 (Flyball, 8RM) | | Batting: LHB Ernie Pedersen | 0-0: Ball 1-0: Ball 2-0: Ball 3-0: Called Strike 3-1: Foul Ball, location: 2F 3-2: Base on Balls | | Batting: LHB John Fuller | 0-0: Ball 1-0: Ball 2-0: Called Strike 2-1: Foul Ball, location: 2F 2-2: Strikes out swinging, 2-3 out at first. | | Bottom of the 5th over - 0 runs, 0 hits, 0 errors, 1 left on base; Rochester 1 - Richmond 0 | | TOP OF THE 6TH |
|---|
| Rochester Red Wings batting - Pitching for Richmond Braves : RHP Ron Schueler | | Batting: LHB Lew Beasley | 0-0: Ball 1-0: Ball 2-0: Called Strike 2-1: Foul Ball, location: 2F 2-2: Ball 3-2: Foul Ball, location: 2F 3-2: Fly out, F5 (Popup, 5) | | Batting: LHB Rich Coggins | 0-0: Called Strike 0-1: Called Strike 0-2: Foul Ball, location: 2F 0-2: Foul Ball, location: 2F 0-2: Ball 1-2: SINGLE (Groundball, 4MD) | | Batting: RHB Enos Cabell | 0-0: Foul Ball, location: 2F 0-1: Ball 1-1: Fly out, F3 (Popup, 3DF) | | Batting: LHB Mike Reinbach | 0-0: Called Strike 0-1: Ball 1-1: Foul Ball, location: 2F 1-2: Strikes out looking | | Top of the 6th over - 0 runs, 1 hit, 0 errors, 1 left on base; Rochester 1 - Richmond 0 | | BOTTOM OF THE 6TH |
|---|
| Richmond Braves batting - Pitching for Rochester Red Wings : RHP Donnell Goodwin | | Batting: RHB William Binder | 0-0: Swinging Strike 0-1: Ball 1-1: Called Strike 1-2: Ball 2-2: Foul Ball, location: 2F 2-2: Ground out 5-3 (Groundball, 56D) | | Batting: LHB Mike Lum | 0-0: Foul Ball, location: 2F 0-1: Swinging Strike 0-2: Strikes out swinging | | Batting: SHB Rodney Scott | 0-0: Called Strike 0-1: Called Strike 0-2: Strikes out looking | | Bottom of the 6th over - 0 runs, 0 hits, 0 errors, 0 left on base; Rochester 1 - Richmond 0 | | TOP OF THE 7TH |
|---|
| Rochester Red Wings batting - Pitching for Richmond Braves : RHP Ron Schueler | | Batting: RHB Jim Fuller | 0-0: Called Strike 0-1: Ball 1-1: Foul Ball, location: 2F 1-2: SINGLE (Groundball, 4MD) | | Batting: LHB Gene Locklear | 0-0: Ball 1-0: Foul Ball, location: 2F 1-1: Ball 2-1: Foul Ball, location: 2F 2-2: Fly out, F8 (Flyball, 8LD) | | Batting: SHB Mike Hart | 0-0: Ball 1-0: Fly out, F8 (Flyball, 8LS) | | Batting: RHB John Wathan | 0-0: Ball 1-0: Called Strike 1-1: Ball 2-1: Foul Ball, location: 2F 2-2: Foul Ball, location: 2F 2-2: Strikes out swinging | | Top of the 7th over - 0 runs, 1 hit, 0 errors, 1 left on base; Rochester 1 - Richmond 0 | | BOTTOM OF THE 7TH |
|---|
| Richmond Braves batting - Pitching for Rochester Red Wings : RHP Donnell Goodwin | | Batting: RHB Dave Cripe | 0-0: SINGLE (Line Drive, 6MD) | | Batting: LHB Jack Pierce | 0-0: Called Strike 0-1: Ball 1-1: Ball 2-1: Called Strike 2-2: Strikes out swinging | | Batting: RHB Michael Walseth | 0-0: Grounds into double play, 1-6-3 (Groundball, 13) | | Bottom of the 7th over - 0 runs, 1 hit, 0 errors, 0 left on base; Rochester 1 - Richmond 0 | | TOP OF THE 8TH |
|---|
| Rochester Red Wings batting - Pitching for Richmond Braves : RHP Ron Schueler | | Batting: SHB Daniel Graham | 0-0: Ball 1-0: Called Strike 1-1: Ground out 4-3 (Groundball, 4) | | Batting: LHB Lew Beasley | 0-0: SINGLE (Line Drive, 4M) | | Batting: LHB Rich Coggins | 0-0: Called Strike 0-1: Ball 1-1: Ball 2-1: Foul Ball, location: 2F 2-2: Strikes out looking | | Batting: RHB Enos Cabell | 0-0: Called Strike 0-1: Ball 1-1: Foul Ball, location: 2F 1-2: Ground out 4-3 (Groundball, 4) | | Top of the 8th over - 0 runs, 1 hit, 0 errors, 1 left on base; Rochester 1 - Richmond 0 | | BOTTOM OF THE 8TH |
|---|
| Richmond Braves batting - Pitching for Rochester Red Wings : RHP Donnell Goodwin | | Now at 3B: Rick Bladt | | | Now at SS: Lloyd Breshers | | | Batting: LHB Edgardo Avila | 0-0: Ball 1-0: Foul Ball, location: 2F 1-1: Ball 2-1: Fly out, F9 (Flyball, 89M) | | Batting: LHB Ernie Pedersen | 0-0: Foul Ball, location: 2F 0-1: Foul Ball, location: 2F 0-2: Strikes out swinging | | Batting: LHB John Fuller | 0-0: Ball 1-0: Ball 2-0: Foul Ball, location: 2F 2-1: Ball 3-1: SINGLE (Line Drive, 9LS) | | Batting: RHB William Binder | 0-0: Ball 1-0: Called Strike 1-1: Foul Ball, location: 2F 1-2: Ground out 5-3 (Groundball, 5S) | | Bottom of the 8th over - 0 runs, 1 hit, 0 errors, 1 left on base; Rochester 1 - Richmond 0 | | TOP OF THE 9TH |
|---|
| Rochester Red Wings batting - Pitching for Richmond Braves : RHP Ron Schueler | | Batting: LHB Mike Reinbach | 0-0: Ball 1-0: Ball 2-0: Foul Ball, location: 2F 2-1: Ball 3-1: Foul Ball, location: 2F 3-2: Ground out 4-3 (Groundball, 4MD) | | Batting: RHB Jim Fuller | 0-0: Foul Ball, location: 2F 0-1: Ball 1-1: Foul Ball, location: 2F 1-2: Foul Ball, location: 2F 1-2: SINGLE (Line Drive, 3) | | Pitching: RHP Gary Neibauer | | | Batting: LHB Gene Locklear | 0-0: Ball 1-0: Called Strike 1-1: Ball 2-1: Ball 3-1: Foul Ball, location: 2F 3-2: Grounds into double play, 3-6-3 (Groundball, 3) | | Top of the 9th over - 0 runs, 1 hit, 0 errors, 0 left on base; Rochester 1 - Richmond 0 | | BOTTOM OF THE 9TH |
|---|
| Richmond Braves batting - Pitching for Rochester Red Wings : RHP Donnell Goodwin | | Batting: LHB Mike Lum | 0-0: Ball 1-0: SINGLE (Groundball, 34D) | | Pinch Runner at 1st Rod Gilbreath: | | | Batting: SHB Rodney Scott | 0-0: Ball 1-0: Ball 2-0: Called Strike 2-1: Foul Ball, location: 2F 2-2: Ball 3-2: Foul Ball, location: 2F 3-2: Foul Ball, location: 2F 3-2: Foul Ball, location: 2F 3-2: Base on Balls Rod Gilbreath to second | | Pitching: LHP Alan Marciano | | | Batting: RHB Dave Cripe | 0-0: Ball 1-0: Ball 2-0: Called Strike 2-1: Ball 3-1: Grounds into double play, 5-4-3 (Groundball, 56) Rod Gilbreath to third | | Batting: LHB Jack Pierce | 0-0: Called Strike 0-1: 2-RUN HOME RUN (Flyball, 8RXD), Distance : 417 ft | | Saturday, January 13th, 2018 - OOTP Baseball 18.8 Build 76 |
|